APP
PULASKI YANKEES @ BLUEFIELD BLUE JAYS
10/23/2049
 
TOP OF THE 1ST
Baltimore (APP) Orioles batting - Pitching for Bluefield Blue Jays : RHP Chitoji Takemoto
Pitching: RHP Chitoji Takemoto
Batting: RHB Rafael Medina 0-0: Swinging Strike
0-1: Ball
1-1: Called Strike
1-2: Strikes out swinging
Batting: RHB Eric Meijerink 0-0: Called Strike
0-1: Ground out 4-3 (Groundball, 34, EV 78.1 MPH)
Batting: LHB Stu Sornson 0-0: Ball
1-0: Called Strike
1-1: Fly out, F8 (Flyball, 8LS, EV 87.5 MPH)
Top of the 1st over - 0 runs, 0 hits, 0 errors, 0 left on base; Baltimore (APP) 0 - Bluefield 0
BOTTOM OF THE 1ST
Bluefield Blue Jays batting - Pitching for Baltimore (APP) Orioles : RHP Justin Bright
Pitching: RHP Justin Bright
Batting: RHB Mario Alfaro 0-0: Called Strike
0-1: Called Strike
0-2: Fly out, F5 (Line Drive, 5, EV 66.9 MPH)
Batting: LHB Paul Caliari 0-0: SOLO HOME RUN (Flyball, 89XD, EV 98.8 MPH), Distance : 402 ft
Batting: SHB Orlando Lopez 0-0: Called Strike
0-1: Swinging Strike
0-2: Ball
1-2: Ball
2-2: Foul Ball, location: 2F
2-2: Foul Ball, location: 2F
2-2: Ball
3-2: DOUBLE (Line Drive, 89D, EV 106.9 MPH)
Batting: RHB Murray Yerzy 0-0: Ball
1-0: Ground out 5-3 (Groundball, 5, EV 85.6 MPH)
Batting: RHB Mel Medlin 0-0: Called Strike
0-1: Called Strike
0-2: Ball
1-2: Ball
Wild Pitch!
Orlando Lopez to third
2-2: Foul Ball, location: 2F
2-2: Ball
3-2: SINGLE (Groundball, 56D, EV 96.9 MPH)
Orlando Lopez scores
Batting: RHB Logan Humby 0-0: Ball
1-0: Ball
2-0: Foul Ball, location: 2F
2-1: Ball
3-1: Base on Balls
Mel Medlin to second
Batting: RHB Sung-ho Lee 0-0: Foul Ball, location: 2F
0-1: Ball
1-1: Fielders Choice at 2nd, 5-4 (Groundball, 5, EV 86.3 MPH)
Bottom of the 1st over - 2 runs, 3 hits, 0 errors, 2 left on base; Baltimore (APP) 0 - Bluefield 2
TOP OF THE 2ND
Baltimore (APP) Orioles batting - Pitching for Bluefield Blue Jays : RHP Chitoji Takemoto
Batting: RHB Omar Mascarenas 0-0: Ball
1-0: Foul Ball, location: 2F
1-1: Ball
2-1: Called Strike
2-2: Foul Ball, location: 2F
2-2: Strikes out swinging
Batting: RHB Sean Ward 0-0: Foul Ball, location: 2F
0-1: Ground out 6-3 (Groundball, 6, EV 85.6 MPH)
Batting: RHB Andres Cervantes 0-0: Foul Ball, location: 2F
0-1: Ball
1-1: Swinging Strike
1-2: Foul Ball, location: 2F
1-2: Ball
2-2: Foul Ball, location: 2F
2-2: Ball
3-2: Strikes out looking
Top of the 2nd over - 0 runs, 0 hits, 0 errors, 0 left on base; Baltimore (APP) 0 - Bluefield 2
BOTTOM OF THE 2ND
Bluefield Blue Jays batting - Pitching for Baltimore (APP) Orioles : RHP Justin Bright
Batting: RHB Jose Amparan 0-0: Ball
1-0: Called Strike
1-1: Ball
2-1: SINGLE (Groundball, 56, EV 105.0 MPH)
Batting: RHB Tyler Gray 0-0: Called Strike
0-1: Ball
1-1: Ball
2-1: Ball
3-1: Called Strike
3-2: Base on Balls
Jose Amparan to second
Batting: RHB Mario Alfaro 0-0: Ball
1-0: Ball
2-0: Ball
3-0: Base on Balls
Jose Amparan to third
Tyler Gray to second
Batting: LHB Paul Caliari 0-0: Ball
Wild Pitch!
Jose Amparan scores
Tyler Gray to third
Mario Alfaro to second
1-0: Ball
2-0: Ball
3-0: Foul Ball, location: 2F
3-1: TRIPLE (Flyball, 78XD, EV 91.3 MPH)
Tyler Gray scores
Mario Alfaro scores
Batting: SHB Orlando Lopez 0-0: Foul Ball, location: 2F
0-1: Foul Ball, location: 2F
0-2: Ball
1-2: Ball
2-2: Foul Ball, location: 2F
2-2: Foul Ball, location: 2F
2-2: Ball
3-2: Fly out, F4 (Popup, 4MS, EV 63.1 MPH)
Pitching: RHP Nick Bentley
Batting: RHB Murray Yerzy 0-0: Called Strike
0-1: Ball
Wild Pitch!
Paul Caliari scores
1-1: Swinging Strike
1-2: Foul Ball, location: 2F
1-2: Strikes out looking
Batting: RHB Mel Medlin 0-0: Called Strike
0-1: Ball
1-1: Foul Ball, location: 2F
1-2: Strikes out swinging
Bottom of the 2nd over - 4 runs, 2 hits, 0 errors, 0 left on base; Baltimore (APP) 0 - Bluefield 6
TOP OF THE 3RD
Baltimore (APP) Orioles batting - Pitching for Bluefield Blue Jays : RHP Chitoji Takemoto
Batting: RHB Joel Escalera 0-0: Ball
1-0: Called Strike
1-1: Foul Ball, location: 2F
1-2: Ball
2-2: Foul Ball, location: 2F
2-2: Foul Ball, location: 2F
2-2: Fly out, F7 (Flyball, 78S, EV 90.6 MPH)
Batting: RHB Trevor Smith 0-0: Foul Ball, location: 2F
0-1: Foul Ball, location: 2F
0-2: Ball
1-2: Foul Ball, location: 2F
1-2: Ground out 6-3 (Groundball, 6, EV 88.8 MPH)
Batting: RHB Brett Steele 0-0: Called Strike
0-1: SINGLE (Groundball, 15S, EV 63.1 MPH) (infield hit)
Batting: RHB Rafael Medina 0-0: Called Strike
0-1: Called Strike
0-2: Fielders Choice at 2nd, 5-4 (Groundball, 56, EV 91.9 MPH)
Top of the 3rd over - 0 runs, 1 hit, 0 errors, 1 left on base; Baltimore (APP) 0 - Bluefield 6
BOTTOM OF THE 3RD
Bluefield Blue Jays batting - Pitching for Baltimore (APP) Orioles : RHP Nick Bentley
Batting: RHB Logan Humby 0-0: Fly out, F8 (Flyball, 89D, EV 98.8 MPH)
Batting: RHB Sung-ho Lee 0-0: Swinging Strike
0-1: Ball
1-1: Swinging Strike
1-2: Ball
2-2: Ball
3-2: Base on Balls
Batting: RHB Jose Amparan 0-0: Fly out, F3 (Popup, 34S, EV 79.4 MPH)
Batting: RHB Tyler Gray 0-0: Called Strike
0-1: Ball
1-1: Foul Ball, location: 2F
1-2: Foul Ball, location: 2F
1-2: Fielders Choice at 2nd, U4 (Groundball, 4M, EV 86.3 MPH)
Bottom of the 3rd over - 0 runs, 0 hits, 0 errors, 1 left on base; Baltimore (APP) 0 - Bluefield 6
TOP OF THE 4TH
Baltimore (APP) Orioles batting - Pitching for Bluefield Blue Jays : RHP Chitoji Takemoto
Batting: RHB Eric Meijerink 0-0: Ball
1-0: Ground out 4-3 (Groundball, 4, EV 93.1 MPH)
Batting: LHB Stu Sornson 0-0: Swinging Strike
0-1: Ball
1-1: Foul Ball, location: 2F
1-2: Strikes out looking
Batting: RHB Omar Mascarenas 0-0: Ball
1-0: Ball
2-0: Ball
3-0: Called Strike
3-1: Foul Ball, location: 2F
3-2: Base on Balls
Batting: RHB Sean Ward 0-0: Foul Ball, location: 2F
0-1: Swinging Strike
0-2: Ball
1-2: Ball
2-2: Foul Ball, location: 2F
2-2: Strikes out swinging
Top of the 4th over - 0 runs, 0 hits, 0 errors, 1 left on base; Baltimore (APP) 0 - Bluefield 6
BOTTOM OF THE 4TH
Bluefield Blue Jays batting - Pitching for Baltimore (APP) Orioles : RHP Nick Bentley
Batting: RHB Mario Alfaro 0-0: Called Strike
0-1: Called Strike
0-2: Foul Ball, location: 2F
0-2: Ball
1-2: Foul Ball, location: 2F
1-2: Foul Ball, location: 2F
1-2: Ball
2-2: Strikes out looking
Batting: LHB Paul Caliari 0-0: Ground out 6-3 (Groundball, 6M, EV 85.6 MPH)
Batting: SHB Orlando Lopez 0-0: Ball
1-0: SINGLE (Line Drive, 9S, EV 90.6 MPH)
Batting: RHB Murray Yerzy 0-0: Swinging Strike
0-1: Ball
1-1: Swinging Strike
1-2: Ball
2-2: Ball
3-2: Foul Ball, location: 2F
3-2: Foul Ball, location: 2F
3-2: Strikes out swinging
Bottom of the 4th over - 0 runs, 1 hit, 0 errors, 1 left on base; Baltimore (APP) 0 - Bluefield 6
TOP OF THE 5TH
Baltimore (APP) Orioles batting - Pitching for Bluefield Blue Jays : RHP Chitoji Takemoto
Batting: RHB Andres Cervantes 0-0: Called Strike
0-1: Ball
1-1: Ball
2-1: Swinging Strike
2-2: Strikes out swinging
Batting: RHB Joel Escalera 0-0: Ball
1-0: Fly out, F7 (Flyball, 7D, EV 77.5 MPH)
Batting: RHB Trevor Smith 0-0: SINGLE (Groundball, 56D, EV 104.4 MPH)
Batting: RHB Brett Steele 0-0: Ball
1-0: Swinging Strike
1-1: Ball
2-1: Foul Ball, location: 2F
2-2: Ball
3-2: Strikes out swinging
Top of the 5th over - 0 runs, 1 hit, 0 errors, 1 left on base; Baltimore (APP) 0 - Bluefield 6
BOTTOM OF THE 5TH
Bluefield Blue Jays batting - Pitching for Baltimore (APP) Orioles : RHP Nick Bentley
Batting: RHB Mel Medlin 0-0: Ball
1-0: Foul Ball, location: 2F
1-1: Ball
2-1: Called Strike
2-2: Ball
3-2: Ground out 5-3 (Groundball, 56, EV 84.4 MPH)
Batting: RHB Logan Humby 0-0: Ball
1-0: SINGLE (Line Drive, 7LS, EV 93.8 MPH)
Batting: RHB Sung-ho Lee 0-0: Called Strike
0-1: SINGLE (Groundball, 56D, EV 102.5 MPH)
Logan Humby to second
Pitching: RHP Chance McCoy
Batting: RHB Jose Amparan 0-0: Called Strike
0-1: Fielders Choice at 2nd, 5-4 (Groundball, 56S, EV 85.0 MPH)
Logan Humby to third
Batting: RHB Tyler Gray 0-0: Ball
1-0: Ball
2-0: Ball
3-0: Base on Balls
Jose Amparan to second
Batting: RHB Mario Alfaro 0-0: Ball
1-0: Ball
2-0: Swinging Strike
2-1: Foul Ball, location: 2F
2-2: Ball
3-2: Base on Balls
Logan Humby scores
Jose Amparan to third
Tyler Gray to second
Batting: LHB Paul Caliari 0-0: Ground out 1-3 (Groundball, 13S, EV 66.9 MPH)
Bottom of the 5th over - 1 run, 2 hits, 0 errors, 3 left on base; Baltimore (APP) 0 - Bluefield 7
TOP OF THE 6TH
Baltimore (APP) Orioles batting - Pitching for Bluefield Blue Jays : RHP Chitoji Takemoto
Batting: RHB Rafael Medina 0-0: Ball
1-0: Ball
2-0: Fly out, F9 (Flyball, 9LSF, EV 90.6 MPH)
Pitching: RHP Chris Varner
Batting: RHB Eric Meijerink 0-0: Foul Ball, location: 2F
0-1: Swinging Strike
0-2: Ball
1-2: SINGLE (Line Drive, 6D, EV 93.8 MPH)
Batting: LHB Stu Sornson 0-0: Called Strike
0-1: Ball
1-1: Ball
2-1: 2-RUN HOME RUN (Flyball, 8RXD, EV 106.3 MPH) (Inside the Park)
Batting: RHB Omar Mascarenas 0-0: Ball
1-0: Swinging Strike
1-1: Ball
2-1: Fly out, F8 (Flyball, 8RM, EV 85.0 MPH)
Batting: RHB Sean Ward 0-0: Called Strike
0-1: Ball
1-1: DOUBLE (Line Drive, 8LXD, EV 104.4 MPH)
Batting: RHB Andres Cervantes 0-0: Ball
1-0: Swinging Strike
1-1: Foul Ball, location: 2F
1-2: Strikes out looking
Top of the 6th over - 2 runs, 3 hits, 0 errors, 1 left on base; Baltimore (APP) 2 - Bluefield 7
BOTTOM OF THE 6TH
Bluefield Blue Jays batting - Pitching for Baltimore (APP) Orioles : RHP Chance McCoy
Batting: SHB Orlando Lopez 0-0: Ball
1-0: Foul Ball, location: 2F
1-1: Ball
2-1: Ball
3-1: Base on Balls
Batting: RHB Murray Yerzy 0-0: Foul Ball, location: 2F
0-1: 2-RUN HOME RUN (Flyball, 9LD, EV 93.8 MPH), Distance : 331 ft
Batting: RHB Mel Medlin 0-0: Called Strike
0-1: Foul Ball, location: 2F
0-2: Ball
1-2: Foul Ball, location: 2F
1-2: Fly out, F7 (Line Drive, 7D, EV 88.8 MPH)
Batting: RHB Logan Humby 0-0: Ball
1-0: Ball
2-0: Foul Ball, location: 2F
2-1: Ball
3-1: Ground out 6-3 (Groundball, 6M, EV 86.9 MPH)
Batting: RHB Sung-ho Lee 0-0: Ball
1-0: Foul Ball, location: 2F
1-1: Ball
2-1: Ball
3-1: Base on Balls
Batting: RHB Jose Amparan 0-0: Ball
1-0: Ball
2-0: Ball
3-0: Called Strike
3-1: Foul Ball, location: 2F
3-2: Foul Ball, location: 2F
3-2: Base on Balls
Sung-ho Lee to second
Batting: RHB Tyler Gray 0-0: Ball
1-0: Fly out, F9 (Flyball, 89XD, EV 90.0 MPH)
Bottom of the 6th over - 2 runs, 1 hit, 0 errors, 2 left on base; Baltimore (APP) 2 - Bluefield 9
TOP OF THE 7TH
Baltimore (APP) Orioles batting - Pitching for Bluefield Blue Jays : RHP Chris Varner
Batting: RHB Joel Escalera 0-0: Called Strike
0-1: Ball
1-1: Foul Ball, location: 2F
1-2: Ball
2-2: Ball
3-2: Foul Ball, location: 2F
3-2: Foul Ball, location: 2F
3-2: Strikes out looking
Batting: RHB Trevor Smith 0-0: Ball
1-0: SINGLE (Groundball, 4D, EV 108.8 MPH)
Pitching: RHP Justin Ramirez
Pinch Hitting: RHB Rich Martin 0-0: Foul Ball, location: 2F
0-1: Swinging Strike
0-2: Ball
1-2: Ball
2-2: Strikes out looking
Batting: RHB Rafael Medina 0-0: SINGLE (Line Drive, 6D, EV 101.3 MPH)
Trevor Smith to second
Pinch Hitting: RHB Chris Land 0-0: Swinging Strike
0-1: Foul Ball, location: 2F
0-2: Ball
1-2: Strikes out swinging
Top of the 7th over - 0 runs, 2 hits, 0 errors, 2 left on base; Baltimore (APP) 2 - Bluefield 9
BOTTOM OF THE 7TH
Bluefield Blue Jays batting - Pitching for Baltimore (APP) Orioles : RHP Chance McCoy
Pitching: LHP Shane Cale
Now at 2B: Ben Stickney
Now at 3B: Rich Martin
Batting: RHB Mario Alfaro 0-0: Ball
1-0: Ball
2-0: Foul Ball, location: 2F
2-1: Called Strike
2-2: Foul Ball, location: 2F
2-2: Ball
3-2: Foul Ball, location: 2F
3-2: Ground out 6-3 (Groundball, 6M, EV 105.6 MPH)
Batting: LHB Paul Caliari 0-0: Ball
1-0: Ball
2-0: Called Strike
2-1: Ball
3-1: Foul Ball, location: 2F
3-2: Fly out, F7 (Flyball, 78M, EV 90.6 MPH)
Batting: SHB Orlando Lopez 0-0: Ball
1-0: Ball
2-0: Ball
3-0: Base on Balls
Batting: RHB Murray Yerzy 0-0: Called Strike
0-1: SINGLE (Flyball, 8RS, EV 91.3 MPH)
Orlando Lopez to second
Batting: RHB Mel Medlin 0-0: Foul Ball, location: 2F
0-1: Ball
1-1: Ball
2-1: Foul Ball, location: 2F
2-2: Ball
3-2: Foul Ball, location: 2F
3-2: Base on Balls
Orlando Lopez to third
Murray Yerzy to second
Batting: RHB Logan Humby 0-0: Called Strike
0-1: Foul Ball, location: 2F
0-2: Ball
1-2: Ball
2-2: Ball
3-2: Strikes out looking
Bottom of the 7th over - 0 runs, 1 hit, 0 errors, 3 left on base; Baltimore (APP) 2 - Bluefield 9
TOP OF THE 8TH
Baltimore (APP) Orioles batting - Pitching for Bluefield Blue Jays : RHP Justin Ramirez
Batting: LHB Stu Sornson 0-0: Ball
1-0: Ball
2-0: Ball
3-0: Base on Balls
Pinch Hitting: RHB Evan Combs 0-0: Ball
1-0: DOUBLE (Groundball, 5L, EV 101.3 MPH)
Stu Sornson to third
Batting: RHB Sean Ward 0-0: Called Strike
0-1: 3-RUN HOME RUN (Flyball, 9D, EV 110.0 MPH), Distance : 386 ft
Pitching: RHP Cory Falcon
Batting: RHB Andres Cervantes 0-0: Ball
1-0: Ball
2-0: SINGLE (Line Drive, 9S, EV 91.9 MPH)
Batting: RHB Joel Escalera 0-0: Ball
1-0: Ball
2-0: Foul Ball, location: 2F
2-1: Foul Ball, location: 2F
2-2: Ball
3-2: Fly out, F8 (Flyball, 8RXD, EV 104.4 MPH)
Batting: RHB Trevor Smith 0-0: Called Strike
0-1: Ball
1-1: Ball
2-1: Ball
3-1: Foul Ball, location: 2F
3-2: Base on Balls
Andres Cervantes to second
Batting: RHB Rich Martin 0-0: Called Strike
0-1: Swinging Strike
0-2: Ball
1-2: Ball
2-2: Strikes out looking
Batting: RHB Rafael Medina 0-0: Ball
1-0: Fielders Choice at 2nd, 5-4 (Groundball, 56, EV 91.9 MPH)
Top of the 8th over - 3 runs, 3 hits, 0 errors, 2 left on base; Baltimore (APP) 5 - Bluefield 9
BOTTOM OF THE 8TH
Bluefield Blue Jays batting - Pitching for Baltimore (APP) Orioles : LHP Shane Cale
Pitching: RHP Kevin Akins
Now at 1B: Corey Eichman
Batting: RHB Sung-ho Lee 0-0: Called Strike
0-1: Called Strike
0-2: Ball
1-2: Strikes out swinging
Batting: RHB Jose Amparan 0-0: Called Strike
0-1: Foul Ball, location: 2F
0-2: Foul Ball, location: 2F
0-2: Ball
1-2: Ball
2-2: Ball
3-2: Foul Ball, location: 2F
3-2: Base on Balls
Batting: RHB Tyler Gray 0-0: Foul Ball, location: 2F
0-1: Foul Ball, location: 2F
0-2: Ball
1-2: Grounds into double play, 6-4-3 (Groundball, 6M, EV 91.3 MPH)
Bottom of the 8th over - 0 runs, 0 hits, 0 errors, 0 left on base; Baltimore (APP) 5 - Bluefield 9
TOP OF THE 9TH
Baltimore (APP) Orioles batting - Pitching for Bluefield Blue Jays : RHP Cory Falcon
Pitching: RHP Dusty Jacobs
Batting: RHB Ben Stickney 0-0: Called Strike
0-1: Ball
1-1: Foul Ball, location: 2F
1-2: Ball
2-2: Strikes out swinging
Batting: LHB Stu Sornson 0-0: Ball
1-0: Swinging Strike
1-1: Called Strike
1-2: Foul Ball, location: 2F
1-2: Ball
2-2: Ball
3-2: Strikes out swinging
Batting: LHB Corey Eichman 0-0: Called Strike
0-1: Ball
1-1: Called Strike
1-2: Strikes out looking
Top of the 9th over - 0 runs, 0 hits, 0 errors, 0 left on base; Baltimore (APP) 5 - Bluefield 9
Sunday, July 16th , 2023 - OOTP Baseball 24.6 Build 69